 Dungeon Crawl Stone Soup version 0.31-a0-881-ge136f0c47a (webtiles) character file.

Game seed: 554364905618868710

574243 croobank the Unseen (level 26, -27/213 HPs)
             Began as a Gnoll Delver on Oct 14, 2023.
             Was the Champion of Jiyva.
             Killed from afar by a golden dragon (57 damage)
             ... with a bolt of cold
             ... on level 3 of the Realm of Zot on Oct 15, 2023.
             The game lasted 06:19:59 (63562 turns).

croobank the Unseen (Gnoll Delver)                 Turns: 63562, Time: 06:20:00

Health: -27/213    AC: 19    Str: 14    XL:     26   Next: 45%
Magic:  18/44      EV: 19    Int: 24    God:    Jiyva [******]
Gold:   3747       SH: 16    Dex: 15    Spells: 3/60 levels left

rFire   . . .        p - +8 trishula "Condemnation" {holy, anguish, *Noise Fly rN+}
rCold   . . .        E - +2 buckler
rNeg    + + .        g - quicksilver dragon scales
rPois   +            (helmet unavailable)
rElec   .            A - +2 cloak {Stlth+}
rCorr   +            (no gloves)
SInv    +            P - +2 pair of boots
Will    ++...        o - amulet of reflection
Stlth   +++++++++    u - ring "Hafuez" {rPois rN+}
HPRegen 2.15/turn    K - +6 ring of intelligence
MPRegen 0.79/turn

%: reflection, clarity
@: sluggish, wereblooded, flying, very slightly contaminated, very slow
A: fangs 1, strong nose, distributed training, horns 3, talons 1, clarity,
mutation resistance 1, passive freeze, eyeballs 3, pseudopods 1, translucent
skin 2, tendrils, jelly absorbing missiles, engulf
}: 4/15 runes: decaying, serpentine, slimy, silver
a: Renounce Religion, Oozemancy, Slimify


You were on level 3 of the Realm of Zot.
You worshipped Jiyva.
Jiyva was exalted by your worship.
You visited 11 branches of the dungeon, and saw 53 of its levels.
You visited 1 ziggurat, and saw 3 of its levels.
You also visited: Ice Cave and Volcano.

You collected 4521 gold pieces.
You spent 774 gold pieces at shops.

Inventory:

Hand Weapons
 a - a +5 short sword of speed
 f - the +12 dagger of Duty {heavy, rElec rF+ Int+4}
   (You found it on level 5 of the Pits of Slime)

   Int+4:     It affects your intelligence (+4).
   rF+:       It protects you from fire.
   rElec:     It insulates you from electricity.
 p - the +8 trishula "Condemnation" (weapon) {holy, anguish, *Noise Fly rN+}
   (You found it on level 1 of the Depths)

   rN+:       It protects you from negative energy.
   Fly:       It grants you flight.
   *Noise:    It may make a loud noise when swung.
 q - a +5 demon blade of flaming
 C - the +8 autumn katana {manifold assault}
   (You took it off a vault guard on level 5 of the Vaults)
Missiles
 L - 11 silver javelins
Armour
 b - a +2 ring mail of cold resistance
 g - quicksilver dragon scales (worn)
 A - a +2 cloak of stealth (worn)
 E - a +2 buckler (worn)
 P - a +2 pair of boots (worn)
Jewellery
 j - a ring of protection from fire
 m - a +6 ring of intelligence
 o - an amulet of reflection (around neck)
 u - the ring "Hafuez" (left hand) {rPois rN+}
   (You found it on level 2 of the Vaults)

   [ring of poison resistance]

   rPois:     It protects you from poison rN+: It protects you from negative
   energy.
 F - a +5 ring of evasion
 H - a +5 ring of evasion
 I - a +6 ring of strength
 J - a ring of willpower
 K - a +6 ring of intelligence (right hand)
 O - a +4 ring of slaying
 Q - a ring of positive energy
 U - a ring of ice
 Z - a +6 ring of strength
Wands
 c - a wand of mindburst (30)
 e - a wand of digging (8)
 l - a wand of paralysis (36)
 s - a wand of iceblast (17)
 B - a wand of flame (18)
Scrolls
 d - 3 scrolls of revelation
 h - a scroll of amnesia
 k - a scroll of fear
 n - a scroll of immolation
 v - 2 scrolls of teleportation
 w - 2 scrolls of fog
 N - a scroll of poison
 T - a scroll of brand weapon
Potions
 r - 3 potions of lignification
 t - 4 potions of enlightenment
 z - 9 potions of curing
 D - 4 potions of invisibility
 G - 2 potions of haste
 M - a potion of resistance
 R - 4 potions of attraction
 S - 7 potions of mutation
 V - a potion of brilliance
 W - a potion of might
 Y - 3 potions of ambrosia
Miscellaneous
 i - a lightning rod (4/4)
 x - a phantom mirror (inert)
 y - a phial of floods
 X - a sack of spiders


   Skills:
 + Level 18.9 Fighting
 + Level 18.4 Short Blades
 + Level 17.9 Long Blades
 + Level 17.9 Axes
 + Level 17.9 Maces & Flails
 + Level 17.9 Polearms
 + Level 17.9 Staves
 + Level 17.9 Ranged Weapons
 + Level 17.9 Throwing
 + Level 17.9 Armour
 + Level 18.4 Dodging
 + Level 19.9 Stealth
 + Level 17.9 Shields
 + Level 17.9 Unarmed Combat
 + Level 17.9 Spellcasting
 + Level 15.3 Conjurations
 + Level 15.3 Hexes
 + Level 15.3 Summonings
 + Level 15.3 Necromancy
 + Level 15.3 Translocations
 + Level 15.3 Transmutations
 + Level 15.3 Fire Magic
 + Level 15.3 Ice Magic
 + Level 15.3 Air Magic
 + Level 15.3 Earth Magic
 + Level 15.3 Poison Magic
 + Level 19.4 Invocations
 + Level 17.9 Evocations
 + Level 16.5 Shapeshifting


You had 3 spell levels left.
You knew the following spells:

 Your Spells              Type           Power      Damage    Failure   Level
a - Foxfire               Conj/Fire      100%       2x1d9     0%          1
b - Jinxbite              Hex            100%       N/A       0%          2
c - Apportation           Tloc           100%       N/A       0%          1
d - Wereblood             Tmut           76%        N/A       0%          2
e - Iskenderun's Mystic   Conj/Tloc      76%        2d15      1%          4
f - Irradiate             Conj/Tmut      38%        3d24      1%          5
g - Manifold Assault      Tloc           76%        N/A       1%          4
h - Plasma Beam           Fire/Air       38%        2x1d51    1%          6
i - Simulacrum            Ice/Necr       38%        N/A       1%          6
j - Enfeeble              Hex            38%        N/A       6%          7
k - Blink                 Tloc           100%       N/A       0%          2
l - Summon Hydra          Summ           38%        N/A       6%          7
m - Swiftness             Air            76%        N/A       1%          3
n - Ozocubu's Refrigerat  Ice            38%        4d15      6%          7

Your spell library contained the following spells:

 Spells                   Type           Power      Damage    Failure   Level
 Necrotise                Necr           100%       1d9       0%          1
 Sandblast                Erth           100%       2d20      0%          1
 Slow                     Hex            100%       N/A       0%          1
 Ensorcelled Hibernation  Hex/Ice        100%       N/A       0%          2
 Lesser Beckoning         Tloc           100%       N/A       0%          2
 Momentum Strike          Conj/Tloc      100%       3d10      0%          2
 Passwall                 Tmut/Erth      63%        N/A       0%          2
 Static Discharge         Conj/Air       100%       2-7/arc   0%          2
 Sublimation of Blood     Necr           76%        N/A       0%          2
 Dazzling Flash           Conj/Hex       100%       N/A       1%          3
 Hailstorm                Conj/Ice       76%        3d16      1%          3
 Ozocubu's Armour         Ice            76%        N/A       1%          3
 Sigil of Binding         Hex            76%        N/A       1%          3
 Stone Arrow              Conj/Erth      100%       3d13      1%          3
 Summon Guardian Golem    Hex/Summ       76%        N/A       1%          3
 Teleport Other           Tloc           76%        N/A       1%          3
 Vampiric Draining        Necr           76%        2d11      1%          3
 Volatile Blastmotes      Fire/Tloc      100%       2d18      1%          3
 Airstrike                Air            38%        2d(6-22)  1%          4
 Anguish                  Hex/Necr       38%        N/A       1%          4
 Animate Armour           Summ/Erth      100%       N/A       1%          4
 Brom's Barrelling Bould  Conj/Erth      76%        2d9       1%          4
 Cause Fear               Hex            38%        N/A       1%          4
 Flame Wave               Conj/Fire      76%        2d17      1%          4
 Fulminant Prism          Conj/Hex       38%        3d17      1%          4
 Petrify                  Tmut/Erth      76%        N/A       1%          4
 Sticky Flame             Conj/Fire      76%        2d9       1%          4
 Summon Lightning Spire   Summ/Air       76%        N/A       1%          4
 Vhi's Electric Charge    Tloc/Air       100%       N/A       1%          4
 Agony                    Necr           76%        N/A       1%          5
 Alistair's Intoxication  Tmut/Pois      50%        N/A       1%          5
 Arcjolt                  Conj/Air       38%        1d48      1%          5
 Fireball                 Conj/Fire      38%        3d16      1%          5
 Iskenderun's Battlesphe  Conj           76%        2d12      1%          5
 Lee's Rapid Deconstruct  Erth           38%        3d19*     1%          5
 Metabolic Englaciation   Hex/Ice        38%        N/A       1%          5
 Summon Forest            Summ/Tloc      38%        N/A       1%          5
 Conjure Ball Lightning   Conj/Air       38%        3x3d12    1%          6
 Eringya's Noxious Bog    Tmut/Pois      38%        4d6       1%          6
 Starburst                Conj/Fire      38%        6d11      1%          6
 Orb of Destruction       Conj           38%        9d11      6%          7
 Maxwell's Capacitive Co  Air            38%        ∞         45%         8
 Polar Vortex             Ice            38%        12d5*     100%        9


Dungeon Overview and Level Annotations

Branches:
Dungeon (15/15)            Temple (0/1) D:6            Lair (5/5) D:9
  Swamp (4/4) Lair:3        Snake (4/4) Lair:3        Slime (5/5) Lair:5
    Orc (2/2) D:12            Elf (2/3) Orc:2        Vaults (5/5) D:13
  Crypt (3/3) Vaults:2       Tomb (0/3) Crypt:3      Depths (4/4) D:15
    Zot (4/5) Depths:4      IceCv (visited)         Volcano (visited)

Altars:
Dithmenos
Elyvilon
Fedhas
Kikubaaqudgha
Okawaru
Trog
Xom
Yredelemnul
Jiyva

Shops:
D:2 (   Orc:2 ![[   Vaults:5 (   Depths:3 *   Depths:4 [

Portals:
Hell: Depths:1 Depths:2 Depths:3 Depths:4
Abyss: Depths:3 Depths:4
Pandemonium: Depths:2

Annotations:
D:6 1 runed translucent door, Crazy Yiuf
Swamp:1 Roxanne
Slime:5 Royal Jelly
Elf:2 3 runed translucent doors
Vaults:1 2 transporters, Woitib's ghost, adept GrFE
Depths:2 1 runed translucent door, Doaps's ghost, veteran GnWn
Depths:3 1 runed translucent door, zenocrate's ghost, veteran KoEn


Innate Abilities, Weirdness & Mutations

You have very sharp teeth.
Your uncanny sense of smell can sniff out nearby items.
Your experience applies equally to all skills.
You have a pair of large horns on your head.
You have sharp toenails.
You possess an exceptional clarity of mind.
You are somewhat resistant to further mutation.
A frigid envelope surrounds you and freezes all who hurt you.
Your body is covered in eyes which may confuse attackers. (Acc +7, SInv)
Armour fits poorly on your pseudopods.
Your translucent skin reduces your foes' accuracy. (Stealth+)
You are covered in slimy tendrils that may disarm your opponents.
You have a small jelly attached to you that may absorb projectiles.
Your melee attacks may engulf your foes in ooze.


Message History

Your golden dragon bites the golden dragon but does no damage.
Your golden dragon claws the golden dragon but does no damage.
Your golden dragon tramples the golden dragon but does no damage.
The golden dragon bites you but does no damage.
The golden dragon resists.
The golden dragon is very cold.
The golden dragon is lightly wounded.
You block the golden dragon's attack. The golden dragon tramples you.
* * * LOW HITPOINT WARNING * * *
You are shoved backwards!
Casting: Iskenderun's Mystic Blast (safe; 1% risk of failure)
Confirm with . or Enter, or press ? or * to list all spells.
Aiming: Enfeeble (dangerous; 6% risk of failure)
Press: ? - help, Shift-Dir - straight line, f/p - golden dragon
Aim: a golden dragon (lightly wounded, weak, ally target, will inflict weakness, chance to daze and blind: 6%)
Okay, then.
Casting: Enfeeble (dangerous; 6% risk of failure)
Confirm with . or Enter, or press ? or * to list all spells.
Okay, then.
Casting: Enfeeble (dangerous; 6% risk of failure)
Confirm with . or Enter, or press ? or * to list all spells.
Aiming: Enfeeble (dangerous; 6% risk of failure)
Press: ? - help, Shift-Dir - straight line, f/p - golden dragon
Aim: a golden dragon (lightly wounded, weak, ally target, will inflict weakness, chance to daze and blind: 6%)
Okay, then.
Casting: Enfeeble (dangerous; 6% risk of failure)
Confirm with . or Enter, or press ? or * to list all spells.
An eight-headed hydra appears.
The golden dragon bites you!
* * * LOW HITPOINT WARNING * * *
The golden dragon resists.
The golden dragon is very cold.
The golden dragon is lightly wounded.
You block the golden dragon's attack. x2
You howl as the wereblood boils in your veins!
You start to feel a little faster.
Your golden dragon is no longer weakened.
Your golden dragon bites the golden dragon!
Your golden dragon claws the golden dragon but does no damage.
Your golden dragon tramples the golden dragon but does no damage.
The golden dragon breathes cold at you. The bolt of cold hits you!!!
You die...

,,,,,,,,.,,#.....#.,,+........#..
,,,,,,,,...#.....',,,#........#..
,,,,,,,,...#.....#,,,#........#..
,,,,,,,,...'.....#,,,#........#..
,,,,,,,,,###.....#####........#..
*********#.............########..
#.............#....#....
#.............#....#....
#......@D.....#....#....
#.......DD....###'#####'
#........>..............
#.......................
#.......................
##############..........
*******,,,,,,,,,,,+..........
*,,,,,*,,,,,,,,,,,#..........
*,,,,,+,,,,,,,,,,,##+########


You could see a golden dragon (catching breath, weak, ally target), a friendly
golden dragon (summoned, drained) and a friendly eight-headed hydra (summoned).

Vanquished Creatures
  A dread lich (Crypt:3)
  An ancient lich (Vaults:4)
  Sojobo (Crypt:3)
  Frederick (Crypt:2)
  A curse toe (Zot:3)
  Vashnia (Snake:3)
  6 golden dragons
  the Enchantress (Depths:2)
  Jory (Vaults:2)
  5 liches
  7 tentacled monstrosities
  Zenata (Crypt:2)
  A walking earthen tome (Depths:3)
  3 quicksilver dragons
  3 titans
  7 sphinxes
  2 walking divine tomes
  An ancient champion (Crypt:1)
  2 death cobs
  Kirke (D:15)
  5 thorn hunters
  4 shadow dragons (Vaults:5)
  2 draconian monks
  7 tengu reavers
  8 storm dragons
  A fenstrider witch (Swamp:3)
  2 nagarajas
  3 fire giants
  The ghost of Xavori the Unseen, an adept OpCK of Xom (Elf:1)
  An iron dragon (Vaults:5)
  5 frost giants
  2 curse skulls (Crypt:3)
  19 ironbound preservers
  13 vault wardens
  3 caustic shrike zombies
  2 draconian shifters
  7 ghouls
  3 spriggan defenders
  A draconian annihilator (Zot:3)
  12 very ugly things
  15 stone giants
  9 ironbound thunderhulks
  A war gargoyle (Vaults:5)
  2 orc warlords (Vaults:2)
  A caustic shrike skeleton (Crypt:2)
  3 reapers
  A juggernaut skeleton (Depths:3)
  3 green draconians
  3 vampire knights
  4 deep elf annihilators
  A deep elf demonologist (Vaults:1)
  5 eleionomae
  A bunyip (Swamp:3)
  5 white draconians
  7 spark wasps
  3 yellow draconians
  2 dire elephants (Vaults:3)
  3 black draconians (Zot:3)
  2 red draconians
  A purple draconian (Zot:3)
  10 ettins
  4 deep elf death magi
  A mummy priest (Crypt:3)
  A blizzard demon (Depths:1)
  4 eidola (Crypt:3)
  A green death (Depths:2)
  4 fire dragons
  Josephine (D:12)
  9 jiangshi
  2 entropy weavers
  7 yaktaur captains
  A quicksilver dragon skeleton (Crypt:3)
  2 shambling mangroves (Swamp:4)
  2 deep elf high priests
  2 rakshasas (Depths:2)
  3 spriggan zombies (Crypt:3)
  26 hydras
  3 salamander tyrants
  13 anacondas
  29 vault guards
  2 peacekeepers (Vaults:4)
  7 alligators
  2 ghost crabs
  A catoblepas (Lair:5)
  9 ironbound frosthearts
  9 ogre magi
  3 spriggan air magi (Depths:2)
  3 death knights
  8 centaur warriors
  8 ice dragons
  6 boulder beetles
  3 spriggan skeletons
  35 two-headed ogres
  Erica (D:8)
  13 dancing weapons
  2 sphinx skeletons
  4 deep troll shamans
  26 death yaks
  9 naga warriors
  4 tengu warriors
  Urug (D:12)
  7 deep troll earth magi
  5 spriggan berserkers
  3 vampire magi
  A titan zombie (Crypt:1)
  22 naga sharpshooters
  9 hell knights
  3 orc high priests
  4 shock serpents
  Amaemon (Lair:1)
  7 deep elf knights
  5 soul eaters
  Nergalle (Orc:1)
  5 salamander mystics
  2 skysharks
  2 iron trolls
  An anaconda zombie (Crypt:3)
  9 goliath frogs
  Lodul (D:12)
  13 skeletal warriors
  4 spriggan druids
  4 naga ritualists
  4 wizards
  A deep troll (shapeshifter) (Zig:3)
  27 deep trolls
  A spriggan rider (Depths:1)
  An orange crystal statue (Depths:1)
  An anaconda skeleton (Crypt:1)
  10 deep elf archers
  8 lindwurms
  20 phantasmal warriors
  7 bog bodies
  12 ironbound convokers
  9 swamp dragons
  2 flayed ghosts
  11 harpies
  A shadow dragon zombie (Crypt:3)
  9 orc knights
  A fenstrider witch simulacrum (Crypt:1)
  17 deep elf zephyrmancers
  19 deep elf pyromancers
  24 necromancers
  32 ugly things
  5 cyclopes
  13 mana vipers
  2 will-o-the-wisps (Swamp:3)
  A salamander (shapeshifter) (D:15)
  2 oklob plants (Swamp:1)
  2 stone giant zombies
  2 wolf spiders (Crypt:3)
  8 manticores
  A tengu skeleton (Vaults:2)
  5 orc sorcerers
  8 moths of wrath
  Maurice (D:8)
  14 salamanders
  2 guardian serpents
  A rust devil (Depths:2)
  Joseph (D:9)
  22 black mambas
  A frost giant skeleton (Vaults:4)
  13 naga magi
  2 naga zombies (Crypt:3)
  A smoke demon (Depths:2)
  19 cane toads
  An ice statue (IceCv)
  16 elephants
  A dire elephant zombie (Crypt:3)
  Maggie (D:7)
  9 vault sentinels
  A torpor snail (Lair:1)
  3 gargoyles
  8 komodo dragons
  An orange demon (Lair:1)
  A pale draconian zombie (Crypt:1)
  Psyche (D:9)
  An alligator snapping turtle skeleton (Crypt:3)
  7 freezing wraiths
  An unseen horror (D:11)
  A kobold demonologist (D:10)
  21 yaktaurs
  3 tengu conjurers
  2 efreet
  2 rime drakes (Lair:4)
  3 guardian mummies
  A pale draconian skeleton (Crypt:2)
  13 hellwings
  A mana viper zombie (Crypt:3)
  3 human zombies
  A yaktaur skeleton (Vaults:2)
  A queen bee (D:9)
  A death yak skeleton (Crypt:1)
  5 nameless horrors
  4 harpy skeletons (Crypt:3)
  7 trolls
  A mana viper skeleton (Crypt:2)
  11 polar bears
  5 dream sheep (Lair:5)
  14 hornets
  20 blink frogs
  12 tyrant leeches
  A hydra skeleton (Crypt:3)
  A death drake skeleton (Crypt:2)
  A dream sheep (shapeshifter) (Vaults:4)
  2 jumping spiders (Crypt:3)
  An ettin zombie (Crypt:3)
  Sigmund (D:6)
  An air elemental (Elf:2)
  13 flying skulls
  3 water elementals
  A naga simulacrum (Crypt:1)
  7 wyverns
  3 vampires (D:12)
  12 wraiths
  11 spriggans
  An elf zombie (Vaults:2)
  A fire bat (shapeshifter) (D:13)
  A wyvern (shapeshifter) (D:14)
  58 yaks
  18 humans (D:13)
  A yak (shapeshifter) (Elf:2)
  4 fire elementals
  5 hogs (D:15)
  4 basilisks
  A basilisk (shapeshifter) (D:15)
  A chaos spawn (Depths:2)
  2 redbacks
  Grum (D:8)
  2 steam dragons
  14 swamp worms
  13 vampire mosquitoes
  A glowing shapeshifter zombie (Vaults:3)
  Edmund (D:6)
  7 wargs
  An acid dragon (D:13)
  42 nagas
  5 hell hounds (Elf:2)
  A cane toad zombie (Crypt:1)
  10 water moccasins
  2 naga skeletons (Crypt:3)
  23 orc warriors
  A sky beast (D:7)
  A glowing shapeshifter skeleton (Vaults:3)
  7 swamp drakes
  An ice beast (D:6)
  A dream sheep zombie (Crypt:2)
  40 ogres
  3 black bears
  An ettin simulacrum (Vaults:3)
  5 boggarts
  20 wolves
  6 centaurs
  15 bullfrogs
  3 kobold brigands
  A draconian zombie (Crypt:1)
  4 necrophages (Crypt:1)
  A gnoll sergeant (D:10)
  4 wyvern skeletons (Crypt:3)
  A queen bee zombie (Crypt:2)
  43 killer bees
  2 electric eels (Snake:1)
  3 howler monkeys
  A black bear zombie (Crypt:1)
  2 hounds
  18 orc priests
  2 gnoll boudas
  2 iguanas
  A sleepcap (D:5)
  21 orc wizards
  16 hell rats
  A killer bee zombie (Crypt:2)
  A tengu zombie (Crypt:2)
  An ogre zombie (Crypt:1)
  A mummy (Zig:1)
  33 gnolls
  2 adders
  7 river rats (Lair:1)
  A shadow imp (D:7)
  A white imp (D:5)
  2 ufetubi (D:5)
  An iguana zombie (Crypt:1)
  A jelly zombie (Crypt:2)
  4 worms
  2 dart slugs (D:3)
  102 orcs
  8 bats
  6 endoplasms
  5 giant cockroaches
  4 hobgoblins
  11 jackals
  16 kobolds
  9 quokkas
  A river rat zombie (Crypt:1)
  6 ball pythons
  3 frilled lizards (D:2)
  7 goblins
  An orc skeleton (Crypt:1)
  14 rats
1892 creatures vanquished.

Vanquished Creatures (collateral kills)
  A pandemonium lord (Zig:3)
  A caustic shrike (Depths:2)
  A golden dragon (Depths:3)
  3 tentacled monstrosities
  A walking crystal tome (Depths:2)
  A lich (Depths:1)
  A titan (Vaults:4)
  2 walking divine tomes (Depths:3)
  3 sphinxes
  Gastronok (Orc:1)
  2 storm dragons
  A shadow dragon (Depths:3)
  4 tengu reavers
  4 nagarajas (Snake:4)
  A vault warden (Vaults:4)
  2 fire giants
  5 frost giants
  An iron dragon (Depths:1)
  4 war gargoyles
  A spriggan defender (Depths:2)
  2 ironbound thunderhulks (Vaults:4)
  6 ironbound preservers
  A vampire knight (Depths:3)
  A green draconian (Depths:4)
  12 very ugly things
  9 stone giants
  A white draconian (Depths:4)
  A dire elephant (Vaults:3)
  2 spark wasps
  A red draconian (Depths:4)
  4 ettins
  3 yaktaur captains
  A merfolk impaler (Depths:3)
  An entropy weaver (shapeshifter) (D:15)
  4 fire dragons
  3 vault guards
  2 rakshasas (Depths:3)
  A peacekeeper (Vaults:4)
  3 spriggan air magi
  3 ice dragons
  3 salamander tyrants (Snake:4)
  2 hell beasts (Depths:1)
  An ironbound frostheart (Vaults:2)
  A two-headed ogre (D:15)
  3 naga warriors (Snake:4)
  3 tengu warriors
  3 deep troll shamans
  2 naga sharpshooters (Snake:4)
  4 spriggan berserkers
  3 deep troll earth magi
  A deep elf knight (Elf:2)
  A soul eater (Depths:1)
  6 hell knights
  3 iron trolls
  2 salamander mystics
  2 skeletal warriors (Crypt:1)
  19 deep trolls
  A golden dragon skeleton (Depths:3)
  4 ironbound convokers
  2 harpies (Vaults:3)
  2 necromancers
  4 salamanders (Snake:4)
  16 ugly things
  A deep elf zephyrmancer (Elf:2)
  A cyclops (D:15)
  A shadow dragon skeleton (Vaults:4)
  A vault sentinel (Vaults:4)
  A frost giant skeleton (Vaults:3)
  A black mamba (Snake:4)
  A freezing wraith (D:15)
  A tengu conjurer (Depths:4)
  2 yaktaurs (Vaults:3)
  A red devil (Zig:3)
  A hornet (Depths:4)
  A spriggan (Depths:4)
  A water elemental (Depths:3)
  2 wraiths
  A fire elemental (Elf:1)
  A basilisk (D:13)
  A vampire mosquito (D:15)
  15 nagas
  A water moccasin (shapeshifter) (Elf:2)
  A lindwurm zombie (Crypt:1)
  A jelly (Zig:3)
  A foxfire (Lair:5)
227 creatures vanquished.

Vanquished Creatures (others)
  Mennas (Crypt:3)
  Vv (Crypt:2)
  A golden dragon (Depths:4)
  The ghost of Asumeq the Hoplite, a veteran GrFi of Qazlal (Vaults:2)
  2 liches
  2 titans (Vaults:5)
  A tengu reaver (Crypt:3)
  2 storm dragons
  A rockslime (Vaults:2)
  A fire giant (Depths:1)
  A draconian scorcher (Zot:3)
  2 vault wardens
  An ironbound preserver (Vaults:2)
  2 formless jellyfish
  2 reapers (Crypt:3)
  2 vampire knights
  A bunyip (shapeshifter) (Vaults:5)
  A spark wasp (Depths:4)
  A black draconian (Zot:3)
  A red draconian (Zot:3)
  A jiangshi (Crypt:2)
  An ice dragon (Depths:4)
  A vault guard (Vaults:5)
  Fannar (D:12)
  8 great orbs of eyes
  A radroach (shapeshifter) (Vaults:1)
  An ogre mage (Vaults:1)
  A two-headed ogre (Orc:2)
  A hell knight (Depths:4)
  A shock serpent (Snake:4)
  2 skeletal warriors (Crypt:2)
  A goliath frog (shapeshifter) (Vaults:5)
  3 glowing orange brains
  A deep troll (Vaults:2)
  A flayed ghost (Depths:2)
  5 phantasmal warriors
  2 wizards
  A deep elf archer (Elf:2)
  An orc knight (Vaults:2)
  3 harpies
  5 lindwurms
  2 necromancers
  2 ironbound convokers
  2 deep elf pyromancers
  A deep elf zephyrmancer (Elf:1)
  A cyclops (D:12)
  A salamander (Snake:2)
  A cyclops (shapeshifter) (Vaults:5)
  2 vault sentinels
  An elephant (Lair:5)
  A black mamba (shapeshifter) (Depths:3)
  A black mamba (Lair:2)
  5 yaktaurs
  A hellwing (Crypt:3)
  A merfolk (shapeshifter) (Vaults:5)
  A meliai (shapeshifter) (Vaults:5)
  A blink frog (Lair:2)
  26 slime creatures
  A flying skull (Crypt:2)
  An ushabti (Crypt:3)
  A spriggan (Depths:2)
  A wraith (Crypt:2)
  2 humans
  A fire elemental (Elf:1)
  A naga (Snake:4)
  A water moccasin (Lair:2)
  A floating eye (Depths:2)
  A faun skeleton (Crypt:2)
  A floating eye (shapeshifter) (Vaults:5)
  A swamp drake (Swamp:4)
  2 orc warriors
  A black bear (D:7)
  4 ogres
  A wolf (IceCv)
  A centaur (D:5)
  4 bullfrogs
  A wyvern skeleton (Crypt:3)
  386 jellies
  2 killer bees
  2 hounds (D:5)
  4 orc priests
  A sleepcap (D:4)
  5 orc wizards
  7 gnolls
  An adder (D:6)
  2 river rats (Lair:1)
  2 worms (D:5)
  An endoplasm (D:4)
  11 orcs
  A goblin (D:4)
  5 jackals (D:5)
  A quokka (D:5)
  81 foxfires
658 creatures vanquished.

Grand Total: 2777 creatures vanquished

Notes
Turn   | Place    | Note
-------+----------+-------------------------------------------
     0 | D:5      | croobank the Gnoll Delver began the quest for the Orb.
     0 | D:5      | Reached XP level 1. HP: 23/23 MP: 1/1
    46 | D:6      | Noticed an orc wizard
    47 | D:6      | Killed an orc wizard
    48 | D:6      | Reached XP level 2. HP: 29/29 MP: 2/2
    48 | D:6      | Reached XP level 3. HP: 35/35 MP: 3/3
   144 | D:4      | Noticed a black bear
   179 | D:3      | Reached skill level 1 in Invocations
   552 | D:3      | Reached skill level 1 in Long Blades
   552 | D:3      | Reached skill level 1 in Axes
   552 | D:3      | Reached skill level 1 in Maces & Flails
   552 | D:3      | Reached skill level 1 in Polearms
   552 | D:3      | Reached skill level 1 in Staves
   552 | D:3      | Reached skill level 1 in Ranged Weapons
   552 | D:3      | Reached skill level 1 in Throwing
   552 | D:3      | Reached skill level 1 in Armour
   552 | D:3      | Reached skill level 1 in Shields
   552 | D:3      | Reached skill level 1 in Unarmed Combat
   552 | D:3      | Reached skill level 1 in Spellcasting
   552 | D:3      | Reached skill level 1 in Evocations
   828 | D:2      | Reached XP level 4. HP: 41/41 MP: 5/5
   839 | D:2      | Reached skill level 1 in Shapeshifting
  1199 | D:1      | Reached skill level 1 in Conjurations
  1199 | D:1      | Reached skill level 1 in Hexes
  1199 | D:1      | Reached skill level 1 in Summonings
  1199 | D:1      | Reached skill level 1 in Necromancy
  1199 | D:1      | Reached skill level 1 in Translocations
  1199 | D:1      | Reached skill level 1 in Transmutations
  1199 | D:1      | Reached skill level 1 in Fire Magic
  1199 | D:1      | Reached skill level 1 in Ice Magic
  1199 | D:1      | Reached skill level 1 in Air Magic
  1199 | D:1      | Reached skill level 1 in Earth Magic
  1199 | D:1      | Reached skill level 1 in Poison Magic
  2100 | D:2      | Identified the +2 scale mail "Jeyn" {rElec Str+7 Dex-2
                  | Stlth+}
  2155 | D:2      | Found Qotebomp's Antique Weapon Shoppe.
  2285 | D:2      | Found a faded altar of an unknown god.
  2292 | D:2      | Prayed at the altar of an unknown god.
  2292 | D:2      | Became a worshipper of Jiyva Joviytah the Shapeless
  2292 | D:2      | Reached * piety under Jiyva
  2935 | D:4      | Reached XP level 5. HP: 47/47 MP: 5/7
  2981 | D:4      | Killed a black bear
  2982 | D:4      | Reached XP level 6. HP: 35/53 MP: 8/8
  3061 | D:4      | Reached skill level 5 in Short Blades
  3061 | D:4      | Reached skill level 5 in Dodging
  3266 | D:5      | Noticed a two-headed ogre
  3281 | D:5      | Killed a two-headed ogre
  3282 | D:5      | Reached skill level 10 in Stealth
  3282 | D:5      | Reached XP level 7. HP: 60/60 MP: 8/11
  3282 | D:5      | Reached XP level 8. HP: 67/67 MP: 8/12
  3328 | D:5      | Learned a level 1 spell: Foxfire
  3334 | D:5      | Learned a level 2 spell: Jinxbite
  3375 | D:5      | Reached ** piety under Jiyva
  4783 | D:6      | Reached *** piety under Jiyva
  4867 | D:6      | Noticed a hornet
  4894 | D:6      | Killed a hornet
  4895 | D:6      | Reached XP level 9. HP: 71/73 MP: 14/14
  5023 | D:6      | Noticed Edmund
  5061 | D:6      | Killed Edmund
  5164 | D:6      | Noticed Sigmund
  5168 | D:6      | Killed Sigmund
  5327 | D:6      | Found a staircase to the Ecumenical Temple.
  5373 | D:6      | Found a runed translucent door.
  5374 | D:6      | Noticed Crazy Yiuf
  5485 | D:7      | Reached **** piety under Jiyva
  5485 | D:7      | Gained mutation: You are resistant to electric shocks.
                  | (rElec) [Jiyva's grace]
  5485 | D:7      | Gained mutation: You are partially covered in iridescent
                  | scales. (AC +2) [Jiyva's grace]
  5485 | D:7      | Gained mutation: You are mostly covered in iridescent
                  | scales. (AC +4) [Jiyva's grace]
  5485 | D:7      | Gained mutation: You are completely covered in iridescent
                  | scales. (AC +6) [Jiyva's grace]
  5694 | D:7      | Noticed a two-headed ogre
  5714 | D:7      | Killed a two-headed ogre
  5715 | D:7      | Reached skill level 5 in Invocations
  5735 | D:7      | Noticed Maggie
  5772 | D:7      | Killed Maggie
  5773 | D:7      | Reached XP level 10. HP: 80/80 MP: 14/17
  5934 | D:7      | Reached skill level 5 in Long Blades
  5934 | D:7      | Reached skill level 5 in Axes
  5934 | D:7      | Reached skill level 5 in Maces & Flails
  5934 | D:7      | Reached skill level 5 in Polearms
  5934 | D:7      | Reached skill level 5 in Staves
  5934 | D:7      | Reached skill level 5 in Ranged Weapons
  5934 | D:7      | Reached skill level 5 in Throwing
  5934 | D:7      | Reached skill level 5 in Armour
  5934 | D:7      | Reached skill level 5 in Shields
  5934 | D:7      | Reached skill level 5 in Unarmed Combat
  5934 | D:7      | Reached skill level 5 in Spellcasting
  5934 | D:7      | Reached skill level 5 in Evocations
  6102 | D:7      | Found a basalt altar of Yredelemnul.
  6103 | D:7      | Found a blossoming altar of Fedhas.
  6114 | D:7      | Found a bloodstained altar of Trog.
  6118 | D:7      | Found an iron altar of Okawaru.
  6119 | D:7      | Found a shimmering altar of Xom.
  6312 | D:8      | Noticed Grum
  6328 | D:8      | Noticed Maurice
  6361 | D:8      | Killed Grum
  6387 | D:8      | Something stole a +1 flail of holy wrath
  6402 | D:8      | Something stole 135 gold
  6409 | D:8      | Something stole an amulet of reflection
  6412 | D:8      | Something stole 4 javelins
  6421 | D:8      | Something stole 247 gold
  6439 | D:8      | Killed Maurice
  6468 | D:8      | Reached ***** piety under Jiyva
  6522 | D:8      | Noticed Erica
  6535 | D:8      | Killed Erica
  6536 | D:8      | Reached skill level 5 in Shapeshifting
  7195 | D:9      | Noticed a two-headed ogre
  7197 | D:9      | Killed a two-headed ogre
  7198 | D:9      | Reached XP level 11. HP: 89/89 MP: 19/19
  7255 | D:9      | Reached skill level 5 in Conjurations
  7255 | D:9      | Reached skill level 5 in Hexes
  7255 | D:9      | Reached skill level 5 in Summonings
  7255 | D:9      | Reached skill level 5 in Necromancy
  7255 | D:9      | Reached skill level 5 in Translocations
  7255 | D:9      | Reached skill level 5 in Transmutations
  7255 | D:9      | Reached skill level 5 in Fire Magic
  7255 | D:9      | Reached skill level 5 in Ice Magic
  7255 | D:9      | Reached skill level 5 in Air Magic
  7255 | D:9      | Reached skill level 5 in Earth Magic
  7255 | D:9      | Reached skill level 5 in Poison Magic
  7420 | D:9      | Gained mutation: Your body has grown eyes which may confuse
                  | attackers. (Acc +3) [Jiyva's grace]
  7420 | D:9      | Gained mutation: Your body has grown many eyes which may
                  | confuse attackers. (Acc +5) [Jiyva's grace]
  7420 | D:9      | Gained mutation: Your body is covered in eyes which may
                  | confuse attackers. (Acc +7, SInv) [Jiyva's grace]
  7420 | D:9      | Gained mutation: You have a small jelly attached to you
                  | that senses nearby items. [Jiyva's grace]
  7608 | D:9      | Found a staircase to the Lair.
  7779 | D:9      | Noticed Psyche
  7786 | D:9      | Killed Psyche
  7790 | D:9      | Noticed a boulder beetle
  7798 | D:9      | Killed a boulder beetle
  7806 | D:9      | Noticed a brown ugly thing
  7806 | D:9      | Noticed a red ugly thing
  7812 | D:9      | Killed a red ugly thing
  7814 | D:9      | Killed a brown ugly thing
  7820 | D:9      | Noticed Joseph
  7858 | D:9      | Killed Joseph
  8305 | D:9      | Learned a level 1 spell: Apportation
  8438 | D:10     | Entered Level 10 of the Dungeon
  8640 | D:10     | Reached XP level 12. HP: 96/96 MP: 22/22
  8896 | D:10     | Lost mutation: You are completely covered in iridescent
                  | scales. (AC +6) [Jiyva's grace]
  8896 | D:10     | Lost mutation: You are mostly covered in iridescent scales.
                  | (AC +4) [Jiyva's grace]
  8896 | D:10     | Lost mutation: Your body is covered in eyes which may
                  | confuse attackers. (Acc +7, SInv) [Jiyva's grace]
  8896 | D:10     | Gained mutation: You expend magic power (3 MP) to
                  | strengthen your wands. [Jiyva's grace]
  8896 | D:10     | Gained mutation: You possess an exceptional clarity of
                  | mind. [Jiyva's grace]
  8896 | D:10     | Gained mutation: Your melee attacks may engulf your foes in
                  | ooze. [Jiyva's grace]
  8896 | D:10     | Gained mutation: You are somewhat resistant to further
                  | mutation. [Jiyva's grace]
  9531 | D:11     | Noticed a boulder beetle
  9571 | D:11     | Killed a boulder beetle
  9698 | D:11     | Noticed a two-headed ogre
  9708 | D:11     | Killed a two-headed ogre
  9889 | D:12     | Noticed Urug
  9905 | D:12     | Killed Urug
  9964 | D:12     | Reached skill level 10 in Fighting
 10026 | D:12     | Killed Fannar
 10060 | D:12     | Noticed Josephine
 10076 | D:12     | Killed Josephine
 10196 | D:13     | Noticed an eight-headed hydra
 10225 | D:13     | Killed a two-headed hydra
 10257 | D:13     | Found a frozen archway.
 10326 | IceCv    | Entered an ice cave
 10837 | IceCv    | Reached XP level 13. HP: 103/104 MP: 23/25
 11114 | IceCv    | Lost mutation: You are somewhat resistant to further
                  | mutation. [Jiyva's grace]
 11114 | IceCv    | Lost mutation: Your body has grown many eyes which may
                  | confuse attackers. (Acc +5) [Jiyva's grace]
 11114 | IceCv    | Gained mutation: You are agile. (Dex +4, Str/Int -1)
                  | [Jiyva's grace]
 11114 | IceCv    | Gained mutation: You are very agile. (Dex +8, Str/Int -2)
                  | [Jiyva's grace]
 11114 | IceCv    | Gained mutation: Your muscles are strong. (Str +4, Int/Dex
                  | -1) [Jiyva's grace]
 11114 | IceCv    | Gained mutation: Your muscles are very strong. (Str +8,
                  | Int/Dex -2) [Jiyva's grace]
 11244 | IceCv    | Got a disorganized book
 12380 | D:12     | Noticed Lodul
 12401 | D:12     | Killed Lodul
 12402 | D:12     | Reached skill level 10 in Short Blades
 12402 | D:12     | Reached skill level 10 in Dodging
 13107 | D:12     | Found a staircase to the Orcish Mines.
 13753 | Lair:1   | Entered Level 1 of the Lair of Beasts
 13784 | Lair:1   | Reached XP level 14. HP: 113/113 MP: 25/27
 13980 | Lair:1   | Noticed Amaemon
 13983 | Lair:1   | Killed Amaemon
 14315 | Lair:1   | Lost mutation: You are very agile. (Dex +8, Str/Int -2)
                  | [Jiyva's grace]
 14315 | Lair:1   | Lost mutation: Your muscles are very strong. (Str +8,
                  | Int/Dex -2) [Jiyva's grace]
 14315 | Lair:1   | Lost mutation: You expend magic power (3 MP) to strengthen
                  | your wands. [Jiyva's grace]
 14315 | Lair:1   | Gained mutation: You have hidden genetic potential.
                  | [Jiyva's grace]
 14315 | Lair:1   | Gained mutation: You have great hidden genetic potential.
                  | [Jiyva's grace]
 14315 | Lair:1   | Gained mutation: You are mostly covered in iridescent
                  | scales. (AC +4) [Jiyva's grace]
 14315 | Lair:1   | Gained mutation: You are completely covered in iridescent
                  | scales. (AC +6) [Jiyva's grace]
 14629 | Lair:1   | Reached skill level 10 in Invocations
 15937 | Lair:3   | Found a staircase to the Snake Pit.
 16012 | Lair:3   | Found a dark tunnel.
 16089 | Volcano  | Entered a volcano
 16402 | Lair:3   | Learned a level 2 spell: Wereblood
 16407 | Lair:3   | Learned a level 4 spell: Iskenderun's Mystic Blast
 16413 | Lair:3   | Learned a level 5 spell: Irradiate
 16574 | Lair:3   | Lost mutation: You are agile. (Dex +4, Str/Int -1) [Jiyva's
                  | grace]
 16574 | Lair:3   | Lost mutation: Your body has grown eyes which may confuse
                  | attackers. (Acc +3) [Jiyva's grace]
 16574 | Lair:3   | Gained mutation: Armour fits poorly on your pseudopods.
                  | [Jiyva's grace]
 16574 | Lair:3   | Gained mutation: Armour fits poorly on your large
                  | pseudopods. [Jiyva's grace]
 16574 | Lair:3   | Gained mutation: Armour fits poorly on your massive
                  | pseudopods. [Jiyva's grace]
 16574 | Lair:3   | Gained mutation: Your body has grown eyes which may confuse
                  | attackers. (Acc +3) [Jiyva's grace]
 16711 | Lair:3   | Found a staircase to the Swamp.
 17871 | Lair:4   | Reached XP level 15. HP: 120/120 MP: 28/28
 17928 | Lair:4   | Reached skill level 10 in Long Blades
 17928 | Lair:4   | Reached skill level 10 in Axes
 17928 | Lair:4   | Reached skill level 10 in Maces & Flails
 17928 | Lair:4   | Reached skill level 10 in Polearms
 17928 | Lair:4   | Reached skill level 10 in Staves
 17928 | Lair:4   | Reached skill level 10 in Ranged Weapons
 17928 | Lair:4   | Reached skill level 10 in Throwing
 17928 | Lair:4   | Reached skill level 10 in Armour
 17928 | Lair:4   | Reached skill level 10 in Shields
 17928 | Lair:4   | Reached skill level 10 in Unarmed Combat
 17928 | Lair:4   | Reached skill level 10 in Spellcasting
 17928 | Lair:4   | Reached skill level 10 in Evocations
 17956 | Lair:4   | Gained mutation: You passively map a small area around you.
                  | [hidden potential]
 18532 | Lair:5   | Entered Level 5 of the Lair of Beasts
 18938 | Lair:5   | Found a viscous altar of Jiyva.
 18939 | Lair:5   | Found a staircase to the Slime Pits.
 18944 | Slime:1  | Entered Level 1 of the Pits of Slime
 18948 | Slime:1  | Noticed an acid blob
 19064 | Slime:2  | Noticed an acid blob
 19093 | Slime:1  | Noticed an azure jelly
 19096 | Slime:1  | Noticed an acid blob
 19218 | Slime:2  | Noticed an acid blob
 19343 | Slime:3  | Noticed an acid blob
 19343 | Slime:3  | Noticed an acid blob
 19343 | Slime:3  | Noticed an azure jelly
 19353 | Slime:3  | Noticed an acid blob
 19360 | Slime:3  | Noticed an acid blob
 19671 | Slime:4  | Noticed an acid blob
 19673 | Slime:4  | Noticed an azure jelly
 19722 | Slime:4  | Noticed an azure jelly
 19902 | Slime:5  | Entered Level 5 of the Pits of Slime
 19903 | Slime:5  | Noticed a rockslime
 19959 | Slime:5  | Noticed an acid blob
 19972 | Slime:5  | Noticed an azure jelly
 19973 | Slime:5  | Noticed an acid blob
 19974 | Slime:5  | Noticed an acid blob
 19977 | Slime:5  | Noticed an acid blob
 19998 | Slime:5  | Found a viscous altar of Jiyva.
 19999 | Slime:5  | Noticed an acid blob
 20013 | Slime:5  | Found the +16 obsidian axe {drain, demonic, Mesm Drain Fly
                  | SInv}
 20015 | Slime:5  | Noticed the Royal Jelly
 20065 | Slime:5  | Noticed an acid blob
 20095 | Slime:5  | Noticed a rockslime
 20120 | Slime:5  | Noticed an azure jelly
 20247 | Slime:5  | Noticed an acid blob
 20282 | Slime:5  | Noticed an acid blob
 21083 | Lair:5   | Lost mutation: You are completely covered in iridescent
                  | scales. (AC +6) [Jiyva's grace]
 21083 | Lair:5   | Lost mutation: Armour fits poorly on your massive
                  | pseudopods. [Jiyva's grace]
 21083 | Lair:5   | Gained mutation: You have supernaturally acute eyesight.
                  | (SInv) [Jiyva's grace]
 21083 | Lair:5   | Gained mutation: You are covered in fur. (AC +1) [Jiyva's
                  | grace]
 21083 | Lair:5   | Gained mutation: You are covered in thick fur. (AC +2)
                  | [Jiyva's grace]
 21083 | Lair:5   | Gained mutation: Your thick and shaggy fur keeps you warm.
                  | (AC +3, rC+) [Jiyva's grace]
 23378 | D:13     | Reached XP level 16. HP: 129/129 MP: 30/30
 23409 | D:13     | Found a gate to the Vaults.
 23895 | Orc:1    | Entered Level 1 of the Orcish Mines
 23905 | Orc:1    | Noticed Gastronok
 24399 | Orc:1    | Killed Gastronok
 24473 | Orc:1    | Gained mutation: You are completely covered in iridescent
                  | scales. (AC +6) [hidden potential]
 24473 | Orc:1    | Lost mutation: You have great hidden genetic potential.
                  | [hidden potential expressed]
 24636 | Orc:1    | Reached skill level 10 in Shapeshifting
 24638 | Orc:1    | Noticed Nergalle
 24655 | Orc:1    | Killed Nergalle
 24903 | Orc:2    | Entered Level 2 of the Orcish Mines
 25551 | Orc:2    | Found a staircase to the Elven Halls.
 25714 | Orc:2    | Paralysed by an ogre mage for 5 turns
 25878 | Orc:2    | Found Nimutox's Distillery.
 25878 | Orc:2    | Found Woutrala's Armour Shop.
 25879 | Orc:2    | Found Geynyaf's Armour Shop.
 25879 | Orc:2    | Found Haggius's Jewellery Shoppe.
 25908 | Orc:2    | Bought a potion of cancellation for 88 gold pieces
 25908 | Orc:2    | Bought a potion of degeneration for 11 gold pieces
 25916 | Orc:2    | Bought a potion of heal wounds for 55 gold pieces
 25916 | Orc:2    | Bought a potion of heal wounds for 55 gold pieces
 26285 | D:14     | Reached ****** piety under Jiyva
 26301 | D:14     | Lost mutation: You possess an exceptional clarity of mind.
                  | [Jiyva's grace]
 26301 | D:14     | Lost mutation: Your thick and shaggy fur keeps you warm.
                  | (AC +3, rC+) [Jiyva's grace]
 26301 | D:14     | Lost mutation: You are resistant to electric shocks.
                  | (rElec) [Jiyva's grace]
 26301 | D:14     | Lost mutation: Your body has grown eyes which may confuse
                  | attackers. (Acc +3) [Jiyva's grace]
 26301 | D:14     | Lost mutation: Armour fits poorly on your large pseudopods.
                  | [Jiyva's grace]
 26301 | D:14     | Gained mutation: Your body has grown eyes which may confuse
                  | attackers. (Acc +3) [Jiyva's grace]
 26301 | D:14     | Gained mutation: Your body has grown many eyes which may
                  | confuse attackers. (Acc +5) [Jiyva's grace]
 26301 | D:14     | Gained mutation: Your body is covered in eyes which may
                  | confuse attackers. (Acc +7, SInv) [Jiyva's grace]
 26301 | D:14     | Gained mutation: You are robust. (+10% HP) [Jiyva's grace]
 26944 | D:15     | Entered Level 15 of the Dungeon
 27075 | D:15     | Reached XP level 17. HP: 110/149 MP: 32/32
 27437 | Slime:5  | Identified the +12 dagger of Duty {heavy, rElec rF+ Int+4}
 27452 | Slime:5  | Identified the staff of a Labyrinth {rF+ Int+4 SInv Fire
                  | Ice}
 27475 | Slime:5  | Got a slimy rune of Zot
 27478 | Slime:5  | Identified the +11 falchion "Niseh" {venom, rElec Dex+4}
 27498 | Slime:5  | Identified the +1 scale mail "Xolac" {rF+}
 27670 | Snake:1  | Entered Level 1 of the Snake Pit
 27676 | Snake:1  | Learned a level 4 spell: Manifold Assault
 27696 | Snake:1  | Found a shadowy altar of Dithmenos.
 27834 | Snake:1  | Gained mutation: You expend magic power (3 MP) to
                  | strengthen your wands. [hidden potential]
 29000 | Snake:2  | Reached skill level 10 in Conjurations
 29000 | Snake:2  | Reached skill level 10 in Hexes
 29000 | Snake:2  | Reached skill level 10 in Summonings
 29000 | Snake:2  | Reached skill level 10 in Necromancy
 29000 | Snake:2  | Reached skill level 10 in Translocations
 29000 | Snake:2  | Reached skill level 10 in Transmutations
 29000 | Snake:2  | Reached skill level 10 in Fire Magic
 29000 | Snake:2  | Reached skill level 10 in Ice Magic
 29000 | Snake:2  | Reached skill level 10 in Air Magic
 29000 | Snake:2  | Reached skill level 10 in Earth Magic
 29000 | Snake:2  | Reached skill level 10 in Poison Magic
 29385 | Snake:2  | Lost mutation: You are covered in thick fur. (AC +2)
                  | [Jiyva's grace]
 29385 | Snake:2  | Lost mutation: Your body is covered in eyes which may
                  | confuse attackers. (Acc +7, SInv) [Jiyva's grace]
 29385 | Snake:2  | Lost mutation: Armour fits poorly on your pseudopods.
                  | [Jiyva's grace]
 29385 | Snake:2  | Lost mutation: Your melee attacks may engulf your foes in
                  | ooze. [Jiyva's grace]
 29385 | Snake:2  | Gained mutation: Your mind is acute. (Int +4, Str/Dex -1)
                  | [Jiyva's grace]
 29385 | Snake:2  | Gained mutation: Your mind is very acute. (Int +8, Str/Dex
                  | -2) [Jiyva's grace]
 29385 | Snake:2  | Gained mutation: You have great hidden genetic potential.
                  | [Jiyva's grace]
 29385 | Snake:2  | Gained mutation: Armour fits poorly on your pseudopods.
                  | [Jiyva's grace]
 29439 | Snake:2  | Reached skill level 15 in Stealth
 31673 | Snake:3  | Noticed Vashnia
 31849 | Snake:2  | Upgraded the game from 0.31-a0-879-g1609e0ac53 to
                  | 0.31-a0-881-ge136f0c47a
 31935 | Swamp:1  | Entered Level 1 of the Swamp
 31964 | Swamp:1  | Noticed Roxanne
 31967 | Swamp:1  | Reached XP level 18. HP: 159/159 MP: 34/34
 32380 | Orc:2    | Bought a +2 robe of willpower for 318 gold pieces
 32722 | Swamp:1  | Gained mutation: You are partially covered in large bone
                  | plates. (SH +4) [hidden potential]
 32722 | Swamp:1  | Lost mutation: You have great hidden genetic potential.
                  | [hidden potential expressed]
 32816 | Swamp:1  | Learned a level 6 spell: Plasma Beam
 32923 | Swamp:1  | Identified the +0 robe of Tentacled Beauty {rN+ Will+}
 33815 | Swamp:2  | Lost mutation: Your mind is very acute. (Int +8, Str/Dex
                  | -2) [Jiyva's grace]
 33815 | Swamp:2  | Gained mutation: You have great hidden genetic potential.
                  | [Jiyva's grace]
 33815 | Swamp:2  | Gained mutation: You have a pair of small horns on your
                  | head. [Jiyva's grace]
 33815 | Swamp:2  | Gained mutation: You have a pair of horns on your head.
                  | [Jiyva's grace]
 33815 | Swamp:2  | Gained mutation: You have a pair of large horns on your
                  | head. [Jiyva's grace]
 35588 | Swamp:4  | Entered Level 4 of the Swamp
 35702 | Swamp:4  | HP: 6/160 [something/blast of flame[a spriggan druid] (35)]
 36486 | Swamp:4  | Got a decaying rune of Zot
 36928 | Swamp:4  | Lost mutation: You have a pair of large horns on your head.
                  | [Jiyva's grace]
 36928 | Swamp:4  | Lost mutation: You have a pair of horns on your head.
                  | [Jiyva's grace]
 36928 | Swamp:4  | Lost mutation: You have great hidden genetic potential.
                  | [Jiyva's grace]
 36928 | Swamp:4  | Lost mutation: You expend magic power (3 MP) to strengthen
                  | your wands. [Jiyva's grace]
 36928 | Swamp:4  | Gained mutation: Your muscles are very strong. (Str +8,
                  | Int/Dex -2) [Jiyva's grace]
 36928 | Swamp:4  | Gained mutation: Your rubbery body absorbs attacks. (AC +1,
                  | EV +1) [Jiyva's grace]
 36928 | Swamp:4  | Gained mutation: Your pliable body absorbs attacks. (AC +2,
                  | EV +2) [Jiyva's grace]
 36928 | Swamp:4  | Gained mutation: Your gelatinous body deflects attacks. (AC
                  | +3, EV +3) [Jiyva's grace]
 37546 | Elf:1    | Entered Level 1 of the Elven Halls
 37580 | Elf:1    | Reached XP level 19. HP: 168/168 MP: 30/36
 37772 | Elf:1    | Gained mutation: You possess an exceptional clarity of
                  | mind. [hidden potential]
 37828 | Elf:1    | Learned a level 6 spell: Simulacrum
 38083 | Elf:1    | Got a well-preserved book
 38171 | Elf:1    | Identified the ring of Lugonu's Reproof {rPois rCorr Int-2
                  | Dex+2 Stlth+}
 38463 | Elf:1    | Found a large runed translucent door.
 38464 | Elf:1    | Found a large runed translucent door.
 38467 | Elf:1    | Noticed Xavori's ghost (adept OpCK)
 38497 | Elf:1    | Killed Xavori's ghost
 39168 | Elf:2    | Found a runed translucent gate.
 39169 | Elf:2    | Found a runed translucent gate.
 39169 | Elf:2    | Found a runed translucent gate.
 40030 | Snake:3  | Killed Vashnia
 40494 | Snake:4  | Entered Level 4 of the Snake Pit
 40603 | Snake:4  | Reached skill level 15 in Fighting
 40625 | Snake:4  | Lost mutation: You have a pair of small horns on your head.
                  | [Jiyva's grace]
 40625 | Snake:4  | Lost mutation: You are completely covered in iridescent
                  | scales. (AC +6) [Jiyva's grace]
 40625 | Snake:4  | Lost mutation: You are partially covered in large bone
                  | plates. (SH +4) [Jiyva's grace]
 40625 | Snake:4  | Lost mutation: You have supernaturally acute eyesight.
                  | (SInv) [Jiyva's grace]
 40625 | Snake:4  | Lost mutation: You passively map a small area around you.
                  | [Jiyva's grace]
 40625 | Snake:4  | Lost mutation: You are covered in fur. (AC +1) [Jiyva's
                  | grace]
 40625 | Snake:4  | Lost mutation: Armour fits poorly on your pseudopods.
                  | [Jiyva's grace]
 40625 | Snake:4  | Lost mutation: You have hidden genetic potential. [Jiyva's
                  | grace]
 40625 | Snake:4  | Gained mutation: Your natural rate of healing is unusually
                  | fast. [Jiyva's grace]
 40625 | Snake:4  | Gained mutation: You heal very quickly. [Jiyva's grace]
 40625 | Snake:4  | Gained mutation: You regenerate. [Jiyva's grace]
 40625 | Snake:4  | Gained mutation: Your body is covered in eyes which may
                  | confuse attackers. (Acc +7, SInv) [Jiyva's grace]
 40772 | Snake:4  | Reached XP level 20. HP: 172/178 MP: 17/37
 40816 | Snake:4  | Identified the +8 morningstar "Ohumm" {drain, rPois Stlth+}
 40940 | Snake:4  | Gained mutation: You occasionally lose the ability to read
                  | scrolls when taking damage. [mutagenic glow]
 41115 | Snake:4  | Got a serpentine rune of Zot
 41308 | Snake:4  | Reached skill level 15 in Invocations
 42013 | Vaults:1 | Entered Level 1 of the Vaults
 42165 | Vaults:1 | Noticed Woitib's ghost (adept GrFE)
 42167 | Vaults:1 | Found a transporter.
 42167 | Vaults:1 | Identified the ring of Tasaeph {Contam rF+ rC+++ rCorr
                  | Dex+3}
 42203 | Vaults:1 | Learned a level 7 spell: Enfeeble
 42369 | Vaults:1 | Learned a level 2 spell: Blink
 42434 | Vaults:1 | Found a transporter.
 42857 | Vaults:2 | Killed Asumeq's ghost
 42974 | Vaults:2 | Lost mutation: You are mostly covered in iridescent scales.
                  | (AC +4) [Jiyva's grace]
 42974 | Vaults:2 | Lost mutation: You possess an exceptional clarity of mind.
                  | [Jiyva's grace]
 42974 | Vaults:2 | Lost mutation: Your muscles are very strong. (Str +8,
                  | Int/Dex -2) [Jiyva's grace]
 42974 | Vaults:2 | Lost mutation: Your muscles are strong. (Str +4, Int/Dex
                  | -1) [Jiyva's grace]
 42974 | Vaults:2 | Gained mutation: A frigid envelope surrounds you and
                  | freezes all who hurt you. [Jiyva's grace]
 42974 | Vaults:2 | Gained mutation: Your melee attacks may engulf your foes in
                  | ooze. [Jiyva's grace]
 42974 | Vaults:2 | Gained mutation: Armour fits poorly on your pseudopods.
                  | [Jiyva's grace]
 42974 | Vaults:2 | Gained mutation: Armour fits poorly on your large
                  | pseudopods. [Jiyva's grace]
 43099 | Vaults:2 | HP: 8/170 [vault warden/+0 great sword (12)]
 43133 | Vaults:2 | Lost mutation: You are partially covered in iridescent
                  | scales. (AC +2) [potion of mutation]
 43133 | Vaults:2 | Lost mutation: You occasionally lose the ability to read
                  | scrolls when taking damage. [potion of mutation]
 43133 | Vaults:2 | Lost mutation: Armour fits poorly on your large pseudopods.
                  | [potion of mutation]
 43133 | Vaults:2 | Lost mutation: You regenerate. [potion of mutation]
 43551 | Vaults:2 | Reached skill level 15 in Short Blades
 43551 | Vaults:2 | Reached skill level 15 in Dodging
 43687 | Vaults:2 | Noticed Jory
 43700 | Vaults:2 | Reached XP level 21. HP: 180/182 MP: 39/39
 43717 | Vaults:2 | Killed Jory
 43902 | Vaults:2 | Found a runed translucent gate.
 43903 | Vaults:2 | Found a runed translucent gate.
 43903 | Vaults:2 | Found a runed translucent gate.
 43973 | Vaults:2 | Found a staircase to the Crypt.
 44088 | Vaults:2 | Found a viscous altar of Jiyva.
 44095 | Vaults:2 | Identified the ring "Hafuez" {rPois rN+}
 44750 | Vaults:3 | Lost mutation: Your gelatinous body deflects attacks. (AC
                  | +3, EV +3) [Jiyva's grace]
 44750 | Vaults:3 | Lost mutation: Your pliable body absorbs attacks. (AC +2,
                  | EV +2) [Jiyva's grace]
 44750 | Vaults:3 | Gained mutation: You are resistant to electric shocks.
                  | (rElec) [Jiyva's grace]
 44750 | Vaults:3 | Gained mutation: Your muscles are strong. (Str +4, Int/Dex
                  | -1) [Jiyva's grace]
 44750 | Vaults:3 | Gained mutation: Your muscles are very strong. (Str +8,
                  | Int/Dex -2) [Jiyva's grace]
 44750 | Vaults:3 | Gained mutation: You are somewhat resistant to further
                  | mutation. [Jiyva's grace]
 46087 | Vaults:4 | Lost mutation: You heal very quickly. [Jiyva's grace]
 46087 | Vaults:4 | Lost mutation: Your body is covered in eyes which may
                  | confuse attackers. (Acc +7, SInv) [Jiyva's grace]
 46087 | Vaults:4 | Lost mutation: Your body has grown many eyes which may
                  | confuse attackers. (Acc +5) [Jiyva's grace]
 46087 | Vaults:4 | Lost mutation: Armour fits poorly on your pseudopods.
                  | [Jiyva's grace]
 46087 | Vaults:4 | Gained mutation: Your translucent skin slightly reduces
                  | your foes' accuracy. (Stealth+) [Jiyva's grace]
 46087 | Vaults:4 | Gained mutation: Your translucent skin reduces your foes'
                  | accuracy. (Stealth+) [Jiyva's grace]
 46087 | Vaults:4 | Gained mutation: Your transparent skin significantly
                  | reduces your foes' accuracy. (Stealth+) [Jiyva's grace]
 46087 | Vaults:4 | Gained mutation: Your body has grown many eyes which may
                  | confuse attackers. (Acc +5) [Jiyva's grace]
 46868 | D:15     | Reached skill level 15 in Long Blades
 46868 | D:15     | Reached skill level 15 in Axes
 46868 | D:15     | Reached skill level 15 in Maces & Flails
 46868 | D:15     | Reached skill level 15 in Polearms
 46868 | D:15     | Reached skill level 15 in Staves
 46868 | D:15     | Reached skill level 15 in Ranged Weapons
 46868 | D:15     | Reached skill level 15 in Throwing
 46868 | D:15     | Reached skill level 15 in Armour
 46868 | D:15     | Reached skill level 15 in Shields
 46868 | D:15     | Reached skill level 15 in Unarmed Combat
 46868 | D:15     | Reached skill level 15 in Spellcasting
 46868 | D:15     | Reached skill level 15 in Evocations
 47409 | D:15     | Reached XP level 22. HP: 195/195 MP: 28/41
 47463 | D:15     | Noticed Kirke
 47486 | D:15     | Killed Kirke
 47503 | D:15     | Found a staircase to the Depths.
 48183 | Depths:1 | Entered Level 1 of the Depths
 48234 | Depths:1 | Found a gateway to Hell.
 48788 | Depths:1 | Found the +8 trishula "Condemnation" {holy, anguish, *Noise
                  | Fly rN+}
 48990 | Depths:1 | Identified the +0 rapier of Ignis's Hope {speed, *Slow
                  | +Blink rN+ MP+9}
 49099 | Depths:1 | Identified the +1 longbow of Fate {heavy, Fragile +Blink
                  | rC++ Int+2}
 49413 | Depths:1 | Lost mutation: Your mind is acute. (Int +4, Str/Dex -1)
                  | [Jiyva's grace]
 49413 | Depths:1 | Lost mutation: Your natural rate of healing is unusually
                  | fast. [Jiyva's grace]
 49413 | Depths:1 | Lost mutation: You are robust. (+10% HP) [Jiyva's grace]
 49413 | Depths:1 | Lost mutation: You are resistant to electric shocks.
                  | (rElec) [Jiyva's grace]
 49413 | Depths:1 | Lost mutation: Your muscles are very strong. (Str +8,
                  | Int/Dex -2) [Jiyva's grace]
 49413 | Depths:1 | Lost mutation: Your muscles are strong. (Str +4, Int/Dex
                  | -1) [Jiyva's grace]
 49413 | Depths:1 | Lost mutation: Your transparent skin significantly reduces
                  | your foes' accuracy. (Stealth+) [Jiyva's grace]
 49413 | Depths:1 | Lost mutation: You have a small jelly attached to you that
                  | senses nearby items. [Jiyva's grace]
 49413 | Depths:1 | Gained mutation: You are robust. (+10% HP) [Jiyva's grace]
 49413 | Depths:1 | Gained mutation: You are very robust. (+20% HP) [Jiyva's
                  | grace]
 49413 | Depths:1 | Gained mutation: You are extremely robust. (+30% HP)
                  | [Jiyva's grace]
 49413 | Depths:1 | Gained mutation: You have sharp toenails. [Jiyva's grace]
 49563 | Depths:1 | Got a levitating book
 49707 | Depths:2 | Noticed a caustic shrike
 49863 | Depths:2 | Noticed Doaps's ghost (veteran GnWn)
 49869 | Depths:2 | Found a runed translucent door.
 49944 | Depths:2 | Found a one-way gate leading to the halls of Pandemonium.
 50476 | Depths:2 | Noticed the Enchantress
 50506 | Depths:2 | Killed the Enchantress
 50559 | Depths:2 | Killed a caustic shrike
 50684 | Depths:2 | Reached XP level 23. HP: 96/241 MP: 8/42
 51392 | Depths:3 | Found a runed translucent door.
 51392 | Depths:3 | Found a shimmering altar of Xom.
 51392 | Depths:3 | Noticed zenocrate's ghost (veteran KoEn)
 51580 | Depths:3 | Found a one-way gate to the infinite horrors of the Abyss.
 51750 | Depths:3 | Noticed a golden dragon
 51781 | Depths:3 | Killed a golden dragon
 52037 | Depths:3 | Lost mutation: You are extremely robust. (+30% HP) [Jiyva's
                  | grace]
 52037 | Depths:3 | Lost mutation: You are very robust. (+20% HP) [Jiyva's
                  | grace]
 52037 | Depths:3 | Lost mutation: Your body has grown many eyes which may
                  | confuse attackers. (Acc +5) [Jiyva's grace]
 52037 | Depths:3 | Gained mutation: Armour fits poorly on your pseudopods.
                  | [Jiyva's grace]
 52037 | Depths:3 | Gained mutation: Armour fits poorly on your large
                  | pseudopods. [Jiyva's grace]
 52037 | Depths:3 | Gained mutation: Armour fits poorly on your massive
                  | pseudopods. [Jiyva's grace]
 52037 | Depths:3 | Gained mutation: You possess an exceptional clarity of
                  | mind. [Jiyva's grace]
 52059 | Depths:3 | Noticed a golden dragon
 52072 | Depths:3 | Killed a golden dragon
 52215 | Depths:3 | Found Ireoras's General Store.
 52217 | Depths:3 | Found Tecuk's Specific Store.
 52799 | Depths:4 | Entered Level 4 of the Depths
 52853 | Depths:4 | Found Ukuamu's Armour Boutique.
 52866 | Depths:4 | Bought a +2 pair of boots for 247 gold pieces
 52913 | Depths:4 | Noticed a golden dragon
 52916 | Depths:4 | Noticed a golden dragon
 52923 | Depths:4 | Reached skill level 15 in Shapeshifting
 52931 | Depths:4 | Killed a golden dragon
 52945 | Depths:4 | Killed a golden dragon
 53013 | Depths:4 | Reached XP level 24. HP: 182/214 MP: 37/43
 53051 | Depths:4 | Found a one-way gateway to a ziggurat.
 53467 | Depths:4 | Found a white marble altar of Elyvilon.
 53644 | Depths:4 | Found a gate to the Realm of Zot.
 53779 | Zig:1    | Entered Level 1 of a ziggurat
 53801 | Zig:2    | Entered Level 2 of a ziggurat
 53832 | Zig:2    | Identified a scroll of acquirement
 53833 | Zig:2    | Acquired the +5 hand cannon "Fith" {flame, rF+}
 53841 | Zig:3    | Entered Level 3 of a ziggurat
 53844 | Zig:3    | Noticed Ladotaat the pandemonium lord
 53850 | Zig:3    | Paralysed by you for 4 turns
 53859 | Zig:3    | Paralysed by you for 4 turns
 53878 | Zig:3    | Killed Ladotaat the pandemonium lord
 54060 | Depths:4 | Learned a level 7 spell: Summon Hydra
 54337 | Crypt:1  | Entered Level 1 of the Crypt
 54528 | Crypt:1  | Lost mutation: Your rubbery body absorbs attacks. (AC +1,
                  | EV +1) [Jiyva's grace]
 54528 | Crypt:1  | Lost mutation: Armour fits poorly on your massive
                  | pseudopods. [Jiyva's grace]
 54528 | Crypt:1  | Lost mutation: Armour fits poorly on your large pseudopods.
                  | [Jiyva's grace]
 54528 | Crypt:1  | Gained mutation: Your body has grown many eyes which may
                  | confuse attackers. (Acc +5) [Jiyva's grace]
 54528 | Crypt:1  | Gained mutation: Your body is covered in eyes which may
                  | confuse attackers. (Acc +7, SInv) [Jiyva's grace]
 54528 | Crypt:1  | Gained mutation: You are agile. (Dex +4, Str/Int -1)
                  | [Jiyva's grace]
 54528 | Crypt:1  | Gained mutation: You are very agile. (Dex +8, Str/Int -2)
                  | [Jiyva's grace]
 55575 | Crypt:2  | Identified the +1 robe of Elyvilon's Outrage {Dex+4}
 55694 | Crypt:2  | Noticed Frederick
 55704 | Crypt:2  | Killed Frederick
 55757 | Crypt:2  | Noticed Zenata
 55773 | Crypt:3  | Entered Level 3 of the Crypt
 56510 | Crypt:3  | Learned a level 3 spell: Swiftness
 56790 | Crypt:2  | Killed Zenata
 57063 | Crypt:2  | Noticed Vv
 57085 | Crypt:2  | Killed Vv
 57454 | Crypt:3  | Lost mutation: You are very agile. (Dex +8, Str/Int -2)
                  | [Jiyva's grace]
 57454 | Crypt:3  | Lost mutation: You possess an exceptional clarity of mind.
                  | [Jiyva's grace]
 57454 | Crypt:3  | Gained mutation: You possess an exceptional clarity of
                  | mind. [Jiyva's grace]
 57454 | Crypt:3  | Gained mutation: Armour fits poorly on your large
                  | pseudopods. [Jiyva's grace]
 57454 | Crypt:3  | Gained mutation: Armour fits poorly on your massive
                  | pseudopods. [Jiyva's grace]
 57454 | Crypt:3  | Gained mutation: You are covered in slimy tendrils that may
                  | disarm your opponents. [Jiyva's grace]
 57619 | Crypt:3  | Noticed Mennas
 57637 | Crypt:3  | Killed Mennas
 57741 | Crypt:3  | Noticed Sojobo
 57765 | Crypt:3  | Killed Sojobo
 58050 | Crypt:3  | Gained mutation: Armour fits poorly on your strangely
                  | shaped body. [mutagenic glow]
 58097 | Crypt:3  | Found a staircase to the Tomb.
 58151 | Crypt:3  | Reached XP level 25. HP: 224/224 MP: 39/44
 58179 | Crypt:3  | Identified the staff "Dragonslayer" {rPois Conj}
 58241 | Crypt:3  | Found an ancient bone altar of Kikubaaqudgha.
 58603 | Crypt:3  | Noticed a dread lich
 58620 | Crypt:3  | Killed a dread lich
 59445 | Vaults:5 | Entered Level 5 of the Vaults
 59523 | Vaults:5 | Noticed an ancient lich
 59987 | Vaults:4 | Learned a level 7 spell: Ozocubu's Refrigeration
 60084 | Vaults:4 | Killed an ancient lich
 60596 | Vaults:5 | Identified the amulet "Miwnecw" {Acrobat Rampage Int+5
                  | Dex-3 SInv}
 60905 | Vaults:5 | HP: 11/223 [necromancer/bolt of negative energy (3)]
 61184 | Vaults:5 | Identified the +3 robe of Mozedemn {*Corrode rElec Str+7
                  | SInv}
 61184 | Vaults:5 | HP: 9/225 [vault guard/+0 halberd (14)]
 61306 | Vaults:5 | Found Nyotul's Weapon Shoppe.
 61375 | Vaults:5 | Reached skill level 15 in Conjurations
 61375 | Vaults:5 | Reached skill level 15 in Hexes
 61375 | Vaults:5 | Reached skill level 15 in Summonings
 61375 | Vaults:5 | Reached skill level 15 in Necromancy
 61375 | Vaults:5 | Reached skill level 15 in Translocations
 61375 | Vaults:5 | Reached skill level 15 in Transmutations
 61375 | Vaults:5 | Reached skill level 15 in Fire Magic
 61375 | Vaults:5 | Reached skill level 15 in Ice Magic
 61375 | Vaults:5 | Reached skill level 15 in Air Magic
 61375 | Vaults:5 | Reached skill level 15 in Earth Magic
 61375 | Vaults:5 | Reached skill level 15 in Poison Magic
 61441 | Vaults:5 | Lost mutation: You are agile. (Dex +4, Str/Int -1) [Jiyva's
                  | grace]
 61441 | Vaults:5 | Lost mutation: Armour fits poorly on your strangely shaped
                  | body. [Jiyva's grace]
 61441 | Vaults:5 | Lost mutation: You are robust. (+10% HP) [Jiyva's grace]
 61441 | Vaults:5 | Lost mutation: Armour fits poorly on your massive
                  | pseudopods. [Jiyva's grace]
 61441 | Vaults:5 | Lost mutation: Armour fits poorly on your large pseudopods.
                  | [Jiyva's grace]
 61441 | Vaults:5 | Gained mutation: You have a small jelly attached to you
                  | that may absorb projectiles. [Jiyva's grace]
 61441 | Vaults:5 | Gained mutation: You have a pair of small horns on your
                  | head. [Jiyva's grace]
 61441 | Vaults:5 | Gained mutation: You have a pair of horns on your head.
                  | [Jiyva's grace]
 61441 | Vaults:5 | Gained mutation: You have a pair of large horns on your
                  | head. [Jiyva's grace]
 61591 | Vaults:5 | Reached XP level 26. HP: 213/213 MP: 44/44
 61732 | Vaults:5 | Got a decrepit book
 62051 | Vaults:5 | Got a silver rune of Zot
 62417 | Zot:1    | Entered Level 1 of the Realm of Zot
 62677 | Zot:3    | Identified the +0 chain mail of Ugady {rN++ Str+4 Dex-4}
 63562 | Zot:3    | Killed from afar by a golden dragon

Illustrated notes

Levels and vault maps discovered:
D:1:      dpeg_arrival_circle_labyrinth_c, layout_rooms
D:2:      minmay_recursive_quarters, layout_basic,
          dreamdust_ecumenical_altar_hidden_monk_grotto, serial_shops, shop
D:3:      layout_basic
D:4:      layout_gridville
D:5:      lemuel_castle_with_subvaults [lemuel_castle_interior_original],
          layout_loops_corners
D:6:      nicolae_cairo_tiling, layout_loops_ring,
          minmay_temple_entry_offerings, uniq_sigmund, uniq_edmund,
          uniq_crazy_yiuf_cottage
D:7:      layout_rooms, minitemple, minmay_misc_feat_cross, uniq_maggie
D:8:      layout_loops_ring, special_room [special_room_orc], uniq_maurice,
          uniq_erica, uniq_grum
D:9:      minmay_blocky_corners, layout_basic, david_lair_generic, special_room
          [special_room_bee], lemuel_flame_loot_1, uniq_joseph, uniq_psyche
D:10:     layout_irregular_city, minmay_misc_feat_square
D:11:     layout_stronghold
D:12:     layout_grid_maze, minmay_orc_entry_guard_dogs, uniq_fannar,
          uniq_lodul, uniq_josephine, uniq_urug
D:13:     layout_loops_corners, grunt_vaults_entry_tiered,
          portal_ice_cave_entry_pillars_2, kennysheep_cluttered_room
D:14:     layout_loops_ring, nicolae_triple_integral
D:15:     hellmonk_depths_entry_around_the_bend, layout_rooms,
          serial_co_window_serial, co_window_paths_a, co_window_corner_a,
          co_window_of_opportunity_a, co_window_paths_a, co_window_paths_a,
          co_window_paths_a, co_window_paths_b, co_window_paths_c,
          co_window_paths_c, co_window_unsneaky_path_b, glass_columns_b,
          glass_columns_a, glass_columns_b, fountainhead,
          minmay_fractal_squares_gapless_5, uniq_kirke
Lair:1:   lemuel_ratsnest, layout_regular_city, uniq_amaemon
Lair:2:   layout_cave_shapes
Lair:3:   layout_layer_cave, minmay_swamp_entry_reptiles,
          guppyfry_snake_entry_garden, nicolae_volcano_entry_lava_flow,
          chequers_serial_rivers_room_b, beast_lair_carwin_2,
          infiniplex_staircase_pool
Lair:4:   layout_loops_ring, grunt_megastairs_5, infiniplex_staircase_pool_2
Lair:5:   minmay_lair_end_frog_pond, layout_concentric_octagons,
          dpeg_slime_entry_enclosed
Swamp:1:  dpeg_oklob_gauntlet, layout_basic_swamp, evilmike_swamp_ruin_rubble_2,
          swamp_pool1, uniq_roxanne
Swamp:2:  layout_falls_marsh, hangedman_swamp_ruin_wall
Swamp:3:  layout_basic_swamp, serial_swamp_ruin, evilmike_swamp_ruin_wall,
          evilmike_swamp_ruin_house_5
Swamp:4:  swamp_alternative, layout_basic_swamp, swamp_pool5, grunt_hermit_hut
Snake:1:  layout_layer_cave, basic_altar, serial_bayou_lagoon_a, st_stairs_11,
          nicolae_snake_flat_spine
Snake:2:  layout_chambers, nicolae_snake_salamander_stairs
Snake:3:  layout_onion_interference, uniq_vashnia
Snake:4:  minmay_snake_end_coiled, layout_cave_town
Slime:1:  layout_caves
Slime:2:  layout_caves, cheibrodos_slime_lost_civilization_4
Slime:3:  layout_caves
Slime:4:  layout_caves, nicolae_slime_phagocytosis
Slime:5:  slime_pit_nicolae_block_by_block
Orc:1:    layout_diamond_mine, nicolae_orc_flooded_monolith,
          nicolae_orc_crystal_geode, uniq_gastronok, uniq_nergalle
Orc:2:    st_orc_ogre_mass, layout_caves, minmay_orc_temple_c
Elf:1:    eino_elf_arrival_sip, layout_onion_city, ebering_ghost_disaster_area,
          minmay_elf_annihilation, guppyfry_library_mini
Elf:2:    elven_hall_of_blades_hangedman_original [nicolae_blade_tridents],
          layout_gridlike, special_room [special_room_mythical_zoo]
Vaults:1: gammafunk_ghost_arena, dpeg_vaults_monster_box, v_pattern_3,
          nicolae_vaults_double_plus_1, nicolae_vaults_rhombus_6,
          nicolae_vaults_surprise_closet, nicolae_vaults_diamond_1, v_misc_5,
          nicolae_vaults_twisting_passages, grunt_vaults_focal,
          layout_vaults_maze_bifur
Vaults:2: gammafunk_ghost_ooze, nicolae_vaults_six-pack,
          minmay_crypt_entry_nasty_monster, grunt_vaults_swirl,
          nicolae_vaults_big_angled_halls, nicolae_vaults_closet_pinwheel_6,
          nicolae_vaults_door_testing_chamber, v_rooms_1, v_misc_9, v_misc_22,
          nicolae_vaults_variable_pillar_hall, nicolae_vaults_house_1,
          layout_vaults_omnibox, uniq_jory
Vaults:3: ontoclasm_vaults_ring_large, v_misc_4, hangedman_vaults_corner,
          nicolae_vaults_bisected_inception, nicolae_vaults_trapezoid_2,
          v_misc_4, ontoclasm_vaults_spin, nicolae_vaults_apartment_2,
          v_pattern_2, layout_vaults_omnicross
Vaults:4: nicolae_vaults_shrinking_rooms_2, hangedman_vaults_snaps,
          nicolae_vaults_theta, dpeg_vaults_hating_casters,
          nicolae_vaults_windows_and_doors_thing, v_misc_25,
          hangedman_vaults_cutoff, nicolae_vaults_closet_pinwheel_1,
          nicolae_vaults_circle_grid_b, vaults_room_pool,
          nicolae_vaults_sightless_eye, nicolae_vaults_tetromino_Z_1,
          vaults_room_fancy_cross, layout_vaults_ring
Vaults:5
Crypt:1:  layout_catacombs
Crypt:2:  layout_misc_corridors, grunt_megastairs_3, uniq_frederick, uniq_vv,
          uniq_margery, uniq_zenata
Crypt:3:  evilmike_haunted_forest, uniq_sojobo, uniq_mennas
Depths:1: minmay_three_patterns, layout_cave_shapes, grunt_mini_vestibule,
          chequers_serial_rivers_micro_a, serial_column_ruins,
          column_ruins_courtyard_long, column_ruins_hut_pillars,
          column_ruins_grid_2, column_ruins_open_small, column_ruins_grid_1,
          hangedman_decor_clover_reticule, minmay_protected_statue
Depths:2: minmay_connected_boxes_in_corner, layout_basic,
          hellmonk_ghost_big_iron, nicolae_titane, rand_demon_pan_entry_8,
          hell_entry, uniq_enchantress, uniq_josephina
Depths:3: minmay_the_grid_triangle_9x9_recursive_3_mashed
          [minmay_the_grid_triangle_9x9_descending_squares,
          minmay_the_grid_triangle_9x9_swiss_cheese,
          minmay_the_grid_triangle_9x9_checkered,
          minmay_the_grid_triangle_9x9_prize_insulated,
          minmay_the_grid_triangle_9x9_skeleton,
          minmay_the_grid_triangle_9x9_pentomino_pain,
          minmay_the_grid_triangle_9x9_steps,
          minmay_the_grid_triangle_9x9_zippers_vertical,
          minmay_the_grid_triangle_9x9_alien], layout_gridville, hell_entry,
          ebering_ghost_xom, serial_rivers, chequers_serial_rivers_small_b,
          chequers_serial_rivers_micro_b, chequers_serial_rivers_room_b,
          chequers_serial_rivers_small_3, chequers_serial_rivers_small_b,
          chequers_serial_rivers_room_b, abyss_entry, nicolae_specific_store,
          st_stairs_9, kennysheep_diamond
Depths:4: evilmike_zot_entry_basic, layout_small_grid, enter_ziggurat_c,
          hell_entry, abyss_entry_crystal, nrook_mini_vaults, serial_shops,
          shop, elyvilon_altar_1
Zot:1:    layout_gridlike
Zot:2:    kennysheep_blocky_room, layout_misc_corridors
Zot:3:    layout_gridville
Zot:4:    gammafunk_the_bubble [the_bubble_gammafunk_crates], layout_basic

Skill      XL: |  1  2  3  4  5  6  7  8  9 10 11 12 13 14 15 16 17 18 19 20 21 22 23 24 25 |
---------------+----------------------------------------------------------------------------+-----
Stealth        | 10 11 12 13 14 15 16 17 18 19 | 19.9
Invocations    | 1 2 3 4 5 6 7 8 9 10 11 12 13 14 15 16 17 18 19 | 19.4
Long Blades    | 1 2 3 4 5 6 8 9 10 11 12 13 14 15 16 17 | 17.9
Axes           | 1 2 3 4 5 6 8 9 10 11 12 13 14 15 16 17 | 17.9
Maces & Flails | 1 2 3 4 5 6 8 9 10 11 12 13 14 15 16 17 | 17.9
Polearms       | 1 2 3 4 5 6 8 9 10 11 12 13 14 15 16 17 | 17.9
Staves         | 1 2 3 4 5 6 8 9 10 11 12 13 14 15 16 17 | 17.9
Ranged Weapons | 1 2 3 4 5 6 8 9 10 11 12 13 14 15 16 17 | 17.9
Throwing       | 1 2 3 4 5 6 8 9 10 11 12 13 14 15 16 17 | 17.9
Armour         | 1 2 3 4 5 6 8 9 10 11 12 13 14 15 16 17 | 17.9
Shields        | 1 2 3 4 5 6 8 9 10 11 12 13 14 15 16 17 | 17.9
Unarmed Combat | 1 2 3 4 5 6 8 9 10 11 12 13 14 15 16 17 | 17.9
Spellcasting   | 1 2 3 4 5 6 8 9 10 11 12 13 14 15 16 17 | 17.9
Evocations     | 1 2 3 4 5 6 8 9 10 11 12 13 14 15 16 17 | 17.9
Shapeshifting  | 1 2 3 4 5 6 7 8 9 10 11 12 13 14 15 16 | 16.5
Conjurations   | 1 2 3 4 5 6 7 8 9 10 11 12 13 14 15 | 15.3
Hexes          | 1 2 3 4 5 6 7 8 9 10 11 12 13 14 15 | 15.3
Summonings     | 1 2 3 4 5 6 7 8 9 10 11 12 13 14 15 | 15.3
Necromancy     | 1 2 3 4 5 6 7 8 9 10 11 12 13 14 15 | 15.3
Translocations | 1 2 3 4 5 6 7 8 9 10 11 12 13 14 15 | 15.3
Transmutations | 1 2 3 4 5 6 7 8 9 10 11 12 13 14 15 | 15.3
Fire Magic     | 1 2 3 4 5 6 7 8 9 10 11 12 13 14 15 | 15.3
Ice Magic      | 1 2 3 4 5 6 7 8 9 10 11 12 13 14 15 | 15.3
Air Magic      | 1 2 3 4 5 6 7 8 9 10 11 12 13 14 15 | 15.3
Earth Magic    | 1 2 3 4 5 6 7 8 9 10 11 12 13 14 15 | 15.3
Poison Magic   | 1 2 3 4 5 6 7 8 9 10 11 12 13 14 15 | 15.3
Short Blades   | 5 6 7 8 9 10 11 12 13 14 15 16 17 18 | 18.4
Dodging        | 5 6 7 8 9 10 11 12 13 14 15 16 17 18 | 18.4
Fighting       | 7 8 9 10 11 12 13 14 15 16 17 18 | 18.9

Action                     |  1- 3 |  4- 6 |  7- 9 | 10-12 | 13-15 | 16-18 | 19-21 | 22-24 | 25-27 || total
---------------------------+-------+-------+-------+-------+-------+-------+-------+-------+-------++-------
  Melee: Short sword       |    56 |    80 |   186 |  1104 |  2587 |  1540 |   364 |   450 |       ||  6367
         Bite              |     7 |     7 |    14 |   194 |   531 |   379 |   260 |   310 |   180 ||  1882
         Punch             |     2 |     1 |     3 |    95 |    32 |       |       |       |       ||   133
         Scimitar          |       |       |       |    16 |    22 |   201 |    61 |    81 |       ||   381
         War axe           |       |       |       |     7 |       |       |    69 |    36 |       ||   112
         Pseudopods        |       |       |       |       |   381 |   580 |   293 |   270 |   319 ||  1843
         Dagger            |       |       |       |       |       |   136 |   801 |       |       ||   937
         Headbutt          |       |       |       |       |       |    47 |   102 |       |   133 ||   282
         Trishula          |       |       |       |       |       |       |       |   871 |   741 ||  1612
         Demon blade       |       |       |       |       |       |       |       |    51 |       ||    51
         Katana            |       |       |       |       |       |       |       |       |   140 ||   140
   Fire: Sling             |    13 |    83 |   301 |   103 |       |       |       |       |       ||   500
  Throw: Javelin           |       |       |       |     5 |     6 |     4 |       |       |       ||    15
         Dart              |       |       |       |     6 |     1 |       |       |       |       ||     7
         Throwing net      |       |       |       |       |       |     6 |       |       |       ||     6
   Cast: Jinxbite          |       |       |    12 |     1 |    37 |     7 |       |       |       ||    57
         Foxfire           |       |       |     2 |     6 |    23 |    10 |     3 |       |       ||    44
         Apportation       |       |       |       |     4 |       |       |       |       |       ||     4
         Wereblood         |       |       |       |       |    26 |    52 |    13 |     9 |    11 ||   111
         Iskenderun's Myst |       |       |       |       |     2 |     7 |       |     3 |     3 ||    15
         Irradiate         |       |       |       |       |     4 |    45 |    37 |    25 |    29 ||   140
         Manifold Assault  |       |       |       |       |       |    14 |     4 |       |       ||    18
         Plasma Beam       |       |       |       |       |       |   153 |    49 |    60 |     7 ||   269
         Simulacrum        |       |       |       |       |       |       |   149 |   167 |     2 ||   318
         Enfeeble          |       |       |       |       |       |       |     8 |    21 |   103 ||   132
         Summon Hydra      |       |       |       |       |       |       |       |    11 |     1 ||    12
         Swiftness         |       |       |       |       |       |       |       |     3 |    16 ||    19
         Ozocubu's Refrige |       |       |       |       |       |       |       |       |     5 ||     5
         Blink             |       |       |       |       |       |       |       |       |     2 ||     2
 Invoke: Oozemancy         |       |       |       |    12 |    10 |     1 |     1 |     1 |       ||    25
  Evoke: Wand              |       |     1 |       |    13 |    12 |    11 |     9 |     5 |     6 ||    57
         Lightning rod     |       |       |       |     3 |     2 |     2 |       |     4 |       ||    11
         Sack of spiders   |       |       |       |       |     1 |     1 |       |       |     1 ||     3
         Phial of floods   |       |       |       |       |       |     1 |     2 |     2 |       ||     5
         Phantom mirror    |       |       |       |       |       |       |       |     4 |     1 ||     5
    Use: Scroll            |       |     6 |       |    21 |    10 |    11 |     4 |    11 |    13 ||    76
         Potion            |       |     1 |       |     3 |     3 |    14 |     8 |    10 |     8 ||    47
   Stab: Sleeping          |     8 |     5 |     3 |    10 |    25 |    12 |    16 |    24 |       ||   103
         Paralysed         |       |       |       |     1 |     3 |     2 |     2 |       |     2 ||    10
         Confused          |       |       |       |    32 |    27 |    55 |    46 |    44 |    47 ||   251
         Distracted        |       |       |       |       |     3 |     1 |    11 |    22 |     2 ||    39
         Held in net/web   |       |       |       |       |       |     5 |       |       |       ||     5
         Invisible         |       |       |       |       |       |       |     6 |    18 |    67 ||    91
 Armour: Leather armour    |    16 |    64 |   112 |       |   267 |    17 |       |       |       ||   476
         Skin              |       |       |     8 |     1 |       |       |       |     4 |       ||    13
         Steam dragon scal |       |       |       |   129 |       |       |       |       |       ||   129
         Ring mail         |       |       |       |   209 |   286 |    79 |       |       |       ||   574
         Robe              |       |       |       |       |       |   488 |   211 |       |       ||   699
         Quicksilver drago |       |       |       |       |       |       |   246 |   535 |   464 ||  1245
  Dodge: Dodged            |    22 |    82 |   190 |   698 |  1059 |   962 |   847 |   676 |   454 ||  4990
  Block: Other             |     8 |    22 |    67 |     3 |       |       |       |       |       ||   100
         Reflection        |     1 |       |     2 |       |       |    10 |   106 |     5 |    14 ||   138
         Buckler           |       |       |       |       |   403 |   519 |   826 |   658 |   495 ||  2901

Table legend: (Time is in decaauts)
 A = Elapsed time spent in this place.
 B = Non-inter-level travel time spent in this place.
 C = Inter-level travel time spent in this place.
 D = Time resting spent in this place.
 E = Time spent auto-exploring this place.
 F = Levels seen in this place.
 G = Mean time per level.
                   A        B        C        D        E       F      G
               +--------+--------+--------+--------+--------+-----+--------+
         Total |  59243 |  52725 |   6518 |   9380 |  26884 |  58 | 1021.4 |
       Dungeon |  17646 |  15112 |   2534 |   2802 |   7757 |  15 | 1176.4 |
          Lair |   5871 |   4754 |   1117 |    461 |   2712 |   5 | 1174.2 |
         Swamp |   4571 |   4112 |    459 |   1126 |   1998 |   4 | 1142.8 |
     Snake Pit |   5373 |   5104 |    269 |   1167 |   2577 |   4 | 1343.2 |
    Slime Pits |   2284 |   1796 |    488 |      0 |   1578 |   5 |  456.8 |
  Orcish Mines |   1786 |   1415 |    371 |    230 |    598 |   2 |  893.0 |
   Elven Halls |   2169 |   2038 |    131 |     82 |   1180 |   2 | 1084.5 |
        Vaults |   7242 |   6600 |    642 |   1301 |   3147 |   5 | 1448.4 |
         Crypt |   4736 |   4536 |    200 |   1018 |   2077 |   3 | 1578.7 |
        Depths |   5442 |   5165 |    277 |    705 |   2993 |   4 | 1360.5 |
           Zot |   1058 |   1033 |     25 |    403 |    100 |   4 |  264.5 |
      Ziggurat |    118 |    118 |      0 |      0 |      0 |   3 |   39.3 |
      Ice Cave |    689 |    689 |      0 |     83 |    163 |   1 |  689.0 |
       Volcano |    253 |    253 |      0 |      0 |      0 |   1 |  253.0 |
               +--------+--------+--------+--------+--------+-----+--------+

Top non-repeatable levels by time:
    D:12: 2947 daAuts
 Crypt:3: 2735 daAuts
Vaults:4: 2566 daAuts
    D:13: 2251 daAuts
  Lair:3: 1800 daAuts
 Snake:2: 1768 daAuts
Depths:1: 1716 daAuts
     D:5: 1578 daAuts
 Swamp:3: 1528 daAuts
 Swamp:1: 1491 daAuts
Vaults:2: 1456 daAuts
     D:9: 1431 daAuts
   Elf:1: 1392 daAuts
  Lair:1: 1373 daAuts
 Snake:3: 1357 daAuts
